 Dungeon Crawl Stone Soup version 0.19-a0-607-g42021f0 (webtiles) character file.

23 mmcf the Cudgeler (level 2, 25/25 HPs)
             Began as a Minotaur Warper on June 12, 2016.
             Got out of the dungeon alive.
             The game lasted 00:02:36 (1051 turns).

mmcf the Cudgeler (Minotaur Warper)                 Turns: 1051, Time: 00:02:36

Health: 25/25      AC:  7    Str: 15    XL:     2   Next: 75%
Magic:  3/3        EV: 11    Int: 10    God:
Gold:   44         SH:  0    Dex:  9    Spells: 2 memorised, 0 levels left

rFire  . . .     SeeInvis .     a - +0 mace
rCold  . . .     Gourm    .     j - +1 ring mail {rPois}
rNeg   . . .     Faith    .     (no shield)
rPois  +         Spirit   .     (helmet restricted)
rElec  .         Dismiss  .     (no cloak)
rCorr  .         Reflect  .     (no gloves)
SustAt .         Harm     .     i - +0 pair of boots
MR     .....                    (no amulet)
Stlth  ..........               (no ring)
                                (no ring)

@: not resistant to hostile enchantments, extremely unstealthy
A: retaliatory headbutt, horns 2
a: no special abilities


You escaped.
You were not hungry.

You visited 1 branch of the dungeon, and saw 3 of its levels.

You collected 44 gold pieces.

Inventory:

Hand Weapons
 a - a +0 mace (weapon)
Missiles
 e - 5 tomahawks of dispersal (quivered)
Armour
 i - a +0 pair of boots (worn)
 j - a +1 ring mail of poison resistance (worn)
Scrolls
 b - a scroll of teleportation {unknown}
 d - a scroll of blinking
 h - a scroll of identify {unknown}
 k - a scroll of noise {unknown}
 l - a scroll of amnesia {unknown}
 n - a scroll of remove curse {unknown}
Potions
 m - 2 potions of haste {unknown}
Books
 c - a book of Spatial Translocations

   Spells                             Type                      Level
   a - Apportation                    Translocation                1
   b - Blink                          Translocation                2
   c - Shroud of Golubria             Charms/Translocation         2
   d - Portal Projectile              Translocation                3
   e - Teleport Other                 Translocation                3
   f - Passage of Golubria            Translocation                4
Comestibles
 f - 2 bread rations
 g - 3 chunks of flesh


   Skills:
 + Level 2.8 Fighting
 * Level 3.2 Maces & Flails
 - Level 1.0 Throwing
 + Level 2.2 Armour
 - Level 2.1 Dodging
 - Level 1.3 Spellcasting
 + Level 2.1 Translocations


You couldn't memorise any spells.
You knew the following spells:

 Your Spells              Type           Power        Failure   Level  Hunger
a - Apportation           Tloc           #.........   28%         1    ##.....
b - Blink                 Tloc           N/A          38%         2    ###....


Dungeon Overview and Level Annotations

Branches:
Dungeon (3/15)

Altars:


Innate Abilities, Weirdness & Mutations

You reflexively headbutt those who attack you in melee.
You have a pair of horns on your head.


Message History

(D) Dungeon
Where to? (Enter - D:2, ? - help)
What level of the Dungeon? (default 1, ? - help)
There is an open door here.
There is a stone staircase leading up here.
You climb upwards.
There is a stone staircase leading down here.
Really walk into that teleport trap?
You enter a teleport trap!
The teleport trap disappears.
Your surroundings suddenly seem different.
You see here a ring mail.
You see here 21 bolts.
There is an open door here.
You open the door.
There is an open door here.
There is an open door here.
There is a staircase leading out of the dungeon here.
There is a staircase leading out of the dungeon here.
Are you sure you want to leave the Dungeon?
This will make you lose the game!
You have escaped!

#.............#####
#########.###.#####
#.# #...... #####.#
#......
#...#.###......
#######+#..........(.
#.....'.'.#####......
#.##'##.### ##.....
#.#.@.#.# #.....
#.#...#.# ######
#.##+##.# #.......#
#########


There were no monsters in sight!

Vanquished Creatures
  An ooze (D:1)
  A giant gecko (D:1)
  A giant cockroach (D:1)
  A goblin (D:2)
  2 hobgoblins (D:1)
  5 kobolds
  A quokka (D:2)
  2 bats (D:1)
  2 giant newts (D:1)
  2 rats (D:1)
18 creatures vanquished.

Notes
Turn   | Place    | Note
--------------------------------------------------------------
     0 | D:1      | mmcf the Minotaur Warper began the quest for the Orb.
     0 | D:1      | Reached XP level 1. HP: 18/18 MP: 1/1
   150 | D:1      | Reached XP level 2. HP: 18/25 MP: 3/3
   583 | D:1      | Reached skill level 3 in Maces & Flails
   590 | D:1      | Learned a level 2 spell: Blink
  1051 | D:$      | Got out of the dungeon alive.

Vault maps used:
D:1:      ncdulo_smallfort
D:3:      nicolae_qazlal_style_of_elements, overflow_temple_1_default,
          first_bread

Skill      XL: |  1  2 |
---------------+-------+-----
Armour         | 2 |  2.2
Maces & Flails | 3 |  3.2
Fighting       | |  2.8
Throwing       | |  1.0
Dodging        | |  2.1
Spellcasting   | |  1.3
Translocations | |  2.1

Action                   || total
-------------------------++-------
Melee: Mace              ||    50
       Headbutt          ||     1
Armor: Ring mail         ||    17
       Leather armour    ||     1
Dodge: Dodged            ||    32
